 Dungeon Crawl Stone Soup version 0.20-a0-517-g5f97612 (webtiles) character file.

448 HallandMoats the Skirmisher (level 7, -4/37 HPs)
             Began as a Vine Stalker Fighter on Jan 25, 2017.
             Slain by an ogre
             ... wielding a +0 giant club
              (12 damage)
             ... on level 5 of the Dungeon.
             The game lasted 00:05:05 (2919 turns).

HallandMoats the Skirmisher (Vine Stalker Fighter)  Turns: 2919, Time: 00:05:06

Health: -4/37      AC: 15    Str: 25    XL:     7   Next: 3%
Magic:  0/8        EV:  6    Int:  8    God:
Gold:   209        SH: 13    Dex: 14    Spells: 6/6 levels left

rFire    + . .     SeeInvis .   a - +0 flail
rCold    . . .     Gourm    .   o - +0 plate armour
rNeg     . . .     Faith    .   c - +0 shield
rPois    .         Spirit   +   (no helmet)
rElec    .         Reflect  +   (no cloak)
rCorr    .         Harm     .   j - +2 pair of gloves
MR       .....                  (no boots)
Stlth    ..........             y - +4 amulet of reflection
Regen    0.6/turn               z - ring of protection from fire
                                s - +1 ring of protection

@: mighty
A: fangs 2, regeneration 1, magic shield, antimagic bite, no potion heal 3, rot
immunity
a: no special abilities


You were on level 5 of the Dungeon.
You were full.

You visited 1 branch of the dungeon, and saw 5 of its levels.

You collected 209 gold pieces.

Inventory:

Hand Weapons
 a - a +0 flail (weapon)
Armour
 c - a +0 shield (worn)
 j - a +2 pair of gloves (worn)
 o - a +0 plate armour (worn)
Jewellery
 i - an uncursed amulet of the gourmand
 s - a +1 ring of protection (left hand)
 t - an uncursed amulet of magic regeneration
 y - a +4 amulet of reflection (around neck)
 z - a ring of protection from fire (right hand)
Scrolls
 e - 4 scrolls of teleportation {unknown}
 k - 2 scrolls of blinking {unknown}
 l - 6 scrolls of identify {unknown}
 q - 2 scrolls of fog {unknown}
 u - a scroll of random uselessness {unknown}
 v - 2 scrolls of amnesia {unknown}
 w - a scroll of magic mapping {unknown}
Potions
 b - 4 potions of flight {unknown}
 h - 2 potions of heal wounds {unknown}
 m - 2 potions of haste {unknown}
 n - a potion of degeneration {unknown}
 r - 2 potions of curing {unknown}
 x - a potion of lignification {unknown}
Books
 A - a book of Callings

   Spells                             Type                      Level
   a - Summon Small Mammal            Summoning                    1
   b - Call Imp                       Summoning                    2
   c - Call Canine Familiar           Summoning                    3
   d - Summon Guardian Golem          Hexes/Summoning              3
   e - Summon Lightning Spire         Summoning/Air                4
   f - Summon Ice Beast               Ice/Summoning                4
Comestibles
 f - 7 bread rations
 g - 3 meat rations
 p - 3 royal jellies


   Skills:
 * Level 4.2 Fighting
 * Level 3.4 Maces & Flails
 * Level 3.6 Armour
 * Level 2.9 Dodging
 - Level 2.6 Shields


You had 6 spell levels left.
You didn't know any spells.

Dungeon Overview and Level Annotations

Branches:
Dungeon (5/15)             Temple (0/1) D:4

Altars:
Okawaru
Uskayaw
Xom

Shops:
D:4 (

Annotations:
D:5 Grinder


Innate Abilities, Weirdness & Mutations

You have extremely sharp teeth.
Your natural rate of healing is unusually fast.
When hurt, damage is shared between your health and your magic reserves.
Your bite disrupts and absorbs the magic of your enemies.
Potions cannot restore your health.
You are immune to rotting.


Message History

Your shield and plate armour prevent you from hitting Grinder.
Your bite misses Grinder.
Grinder is moderately wounded.
You block the bullfrog zombie's attack. You block the scorpion's attack.
Grinder hits you but does no damage.
You barely miss Grinder. You bite Grinder!
Grinder's magic leaks into the air.
You drain her magic.
Grinder is heavily wounded.
You block the bullfrog zombie's attack. The ogre hits you with a giant club!
* * * LOW HITPOINT WARNING * * *
You block the scorpion's attack. Grinder completely misses you.
The bullfrog zombie hits you.
* * * LOW HITPOINT WARNING * * *
The scorpion stings you.
* * * LOW HITPOINT WARNING * * *
You hit Grinder. You bite Grinder!
Grinder's magic leaks into the air.
You drain her magic.
You feel invigorated.
Grinder is almost dead.
The bullfrog zombie hits you. The ogre hits you with a giant club!!
You die...

. ....# #.# .. #.#.# #.#
...####.#.###.##########
................!......#
.#.##....<#.....##.....#
.......................#
...............s.......#
ยง..............Z@.#
.....$.........O5.#
..................#
###...............#
#.......^.......######
#....................##
#.#.....#..>....##.#..#######
#......######.##.............#
........######.##......)......#


You could see Grinder, an ogre, a scorpion and a bullfrog zombie.

Vanquished Creatures
  An ogre (D:5)
  The ghost of HallandMoats the Skirmisher, a weakling GrFi of Fedhas (D:3)
  3 orc wizards (D:3)
  An orc priest (D:4)
  A bullfrog skeleton (D:4)
  A worker ant (D:4)
  4 adders
  2 oozes
  An adder skeleton (D:3)
  5 worms
  A dart slug (D:3)
  4 leopard geckos
  5 orcs (D:3)
  4 giant cockroaches
  8 goblins
  8 hobgoblins
  10 jackals
  2 quokkas (D:4)
  A ball python (D:1)
  5 bats
  9 kobolds
  2 quokka skeletons (D:4)
  8 rats
87 creatures vanquished.

Vanquished Creatures (others)
  A hobgoblin (D:3)
1 creature vanquished.

Grand Total: 88 creatures vanquished

Notes
Turn   | Place    | Note
-------+----------+-------------------------------------------
     0 | D:1      | HallandMoats the Vine Stalker Fighter began the quest for the Orb.
     0 | D:1      | Reached XP level 1. HP: 11/11 MP: 2/2
   184 | D:1      | Reached XP level 2. HP: 9/16 MP: 3/3
   279 | D:1      | Reached skill level 1 in Dodging
   434 | D:1      | Reached skill level 3 in Fighting
   634 | D:1      | Reached XP level 3. HP: 20/20 MP: 4/4
   855 | D:2      | Gained mutation: Your natural rate of healing is unusually fast. [Vine Stalker growth]
   855 | D:2      | Reached XP level 4. HP: 15/24 MP: 5/5
  1477 | D:3      | Noticed HallandMoats's ghost (weakling GrFi)
  1510 | D:3      | Killed HallandMoats's ghost
  1510 | D:3      | Reached XP level 5. HP: 18/28 MP: 4/6
  1670 | D:3      | Found a shimmering altar of Xom.
  1999 | D:4      | Reached XP level 6. HP: 32/33 MP: 7/7
  2051 | D:4      | Found Emoosily's Antique Weapon Boutique.
  2075 | D:4      | Found a staircase to the Ecumenical Temple.
  2613 | D:4      | Reached skill level 4 in Fighting
  2815 | D:4      | Found a hide-covered altar of Uskayaw.
  2815 | D:4      | Found an iron altar of Okawaru.
  2856 | D:5      | Entered Level 5 of the Dungeon
  2864 | D:5      | Reached XP level 7. HP: 32/37 MP: 8/8
  2899 | D:5      | Noticed Grinder
  2910 | D:5      | Paralysed by Grinder for 5 turns
  2919 | D:5      | Slain by an ogre

Vault maps used:
D:1:      doesnt_arrival_eight_statues, minmay_splitting_lines
D:2:      first_bread
D:3:      lemuel_doored_altar, hex_intersection
D:4:      minitemple, minmay_temple_entry_trees, serial_shops, shop
D:5:      lemuel_ice_spiral_2, gammafunk_temple_overflow_pools,
          lemuel_round_altar, uniq_grinder, uniq_pikel

Skill      XL: |  1  2  3  4  5  6 |
---------------+-------------------+-----
Maces & Flails | 2 3 |  3.4
Dodging        | 1 2 |  2.9
Fighting       | 3 4 |  4.2
Armour         | 3 |  3.6
Shields        | |  2.6

Action                   |  1- 3 |  4- 6 |  7- 9 || total
-------------------------+-------+-------+-------++-------
Melee: Flail             |    84 |   223 |    10 ||   317
       Bite              |    18 |    71 |     3 ||    92
  Use: Potion            |       |       |     1 ||     1
  Eat: Chunk             |    16 |     3 |       ||    19
Armor: Scale mail        |    31 |       |       ||    31
       Plate armour      |    26 |   159 |    19 ||   204
Dodge: Dodged            |    20 |    30 |     5 ||    55
Block: Shield            |    60 |   138 |    12 ||   210
       Reflection        |       |     4 |       ||     4
